 Dungeon Crawl Stone Soup version 0.30.0-29-ga12c61a403 (webtiles) character file.

Game seed: 17748164880581301455

3302 monsoonserge the Geomancer (level 10, -25/79 HPs)
             Began as a Meteoran Earth Elementalist on June 22, 2023.
             Was a Priest of Vehumet.
             Annihilated by an orc warlord
             ... wielding a +5 battleaxe
              (40 damage)
             ... in a bailey.
             The game lasted 00:31:46 (3080 turns).

monsoonserge the Geomancer (MeEE)                   Turns: 3080, Time: 00:31:47

Health: -25/79     AC:  8    Str: 11    XL:     10   Next: 44%
Magic:  2/15       EV: 15    Int: 21    God:    Vehumet [***...]
Gold:   342        SH:  0    Dex: 20    Spells: 3/15 levels left

rFire   . . .        a - staff of earth
rCold   . . .        (no shield)
rNeg    . . .        I - +0 steam dragon scales
rPois   .            (no helmet)
rElec   .            o - +0 cloak "Quigejof" {Harm +Inv Dex+6}
rCorr   .            O - +0 pair of gloves
SInv    .            (no boots)
Will    +....        d - amulet of regeneration
Stlth   +            q - ring of wizardry
HPRegen 1.13/turn    (no ring)
MPRegen 0.14/turn

%: harm (+30% outgoing, +20% incoming), wizardry (x1)
@: very slightly contaminated, slowed, glowing, very slow
A: sense surroundings 2, otherworldly, glowing, explore regen
a: Renounce Religion, Evoke Invisibility


You were in a bailey.
You worshipped Vehumet.
Vehumet was most pleased with you.
You visited 1 branch of the dungeon, and saw 8 of its levels.
You also visited: Bailey.

You collected 342 gold pieces.

Inventory:

Hand Weapons
 b - a +5 long sword of freezing
 e - a +0 short sword
 r - a +0 spear of venom
 u - a +2 quarterstaff of chaos
 y - a +2 whip of electrocution
 G - a +3 great sword of freezing
Missiles
 x - 8 poisoned darts (quivered)
 R - 19 boomerangs
Armour
 m - a +0 leather armour
 o - the +0 cloak "Quigejof" (worn) {Harm +Inv Dex+6}
   (You found it on level 2 of the Dungeon)

   Dex:       It affects your dexterity (+6).
   +Inv:      It lets you turn invisible.
   Harm:      It increases damage dealt and taken.
 v - a +0 cloak
 H - a +0 robe
 I - +0 steam dragon scales (worn)
 O - a +0 pair of gloves (worn)
Magical Staves
 a - a staff of earth (weapon)
 s - a staff of cold
Jewellery
 d - an amulet of regeneration (around neck)
 q - a ring of wizardry (left hand)
Wands
 t - a wand of roots (13)
Scrolls
 c - 7 scrolls of identify {unknown}
 h - a scroll of silence {unknown}
 i - 3 scrolls of enchant weapon {unknown}
 j - 7 scrolls of teleportation {unknown}
 k - a scroll of enchant armour {unknown}
 l - 2 scrolls of vulnerability {unknown}
 w - a scroll of blinking {unknown}
 B - a scroll of noise {unknown}
 C - 5 scrolls of fear {unknown}
 D - a scroll of poison {unknown}
 E - a scroll of immolation
 P - a scroll of magic mapping {unknown}
 Q - a scroll of fog {unknown}
Potions
 f - 3 potions of curing {unknown}
 g - 2 potions of heal wounds {unknown}
 n - 3 potions of haste {unknown}
 p - a potion of might {unknown}
 z - a potion of brilliance {unknown}
 A - 4 potions of resistance {unknown}
 F - a potion of cancellation {unknown}
 J - 3 potions of magic
 K - a potion of attraction {unknown}
 L - a potion of invisibility {unknown}
 M - a potion of degeneration {unknown}
 N - 2 potions of ambrosia {unknown}
 S - a potion of mutation {unknown}


   Skills:
 + Level 4.2 Fighting
 + Level 1.1(1.4) Short Blades
 + Level 1.4(1.7) Long Blades
 - Level 2.6 Staves
 + Level 1.3 Throwing
 - Level 4.0 Armour
 + Level 5.3 Dodging
 - Level 2.0 Stealth
 - Level 3.0 Spellcasting
 + Level 3.3 Conjurations
 * Level 4.2 Hexes
 - Level 4.0 Transmutations
 - Level 12.0 Earth Magic


You had 3 spell levels left.
You knew the following spells:

 Your Spells              Type           Power      Damage    Failure   Level
a - Sandblast             Erth           100%       2d20      1%          1
b - Stone Arrow           Conj/Erth      100%       3d13      1%          3
c - Petrify               Tmut/Erth      53%        N/A       1%          4
d - Cause Fear            Hex            10%        N/A       9%          4

Your spell library contained the following spells:

 Spells                   Type           Power      Damage    Failure   Level
 Frozen Ramparts          Ice            6%         1d1       4%          3
 Passwall                 Tmut/Erth      44%        N/A       1%          2
 Dragon Form              Tmut           9%         N/A       100%        7
 Dragon's Call            Summ           1%         N/A       100%        9


Dungeon Overview and Level Annotations

Branches:
Dungeon (8/15) Zot: 1758   Temple (0/1) D:7          Bailey (1/1) Zot: 410
   Lair: D:8-11

Altars:
Elyvilon
Gozag
Hepliaklqana
Kikubaaqudgha
Ru
Trog
Vehumet
Wu Jian
Zin
The Shining One

Annotations:
D:4 3 runed translucent doors, Drain's ghost, amateur OpHW; Fodor's ghost, amateur MiFi
D:7 1 runed translucent door, gdog's ghost, novice GnDe


Innate Abilities, Weirdness & Mutations

You passively map the area around you.
You are easily found by Zot.
You glow in the dark.
You regain HP and MP as you explore.


Message History

The orc warlord hits you with a +5 battleaxe!
Okay, then.
Casting: Sandblast (safe; 1% risk of failure)
Confirm with . or Enter, or press ? or * to list all spells.
Casting: Cause Fear (dangerous; 9% risk of failure)
Press: ? - help, Dir - look around, f - activate Look: a kobold, quivering boomerangs (chance to affect: 76%)
Okay, then.
Unknown command.
Casting: Cause Fear (dangerous; 9% risk of failure)
Confirm with . or Enter, or press ? or * to list all spells.
Aiming: Petrify (dangerous; 1% risk of failure)
Press: ? - help, Shift-Dir - straight line, f/p - orc warlord
Aim: an orc warlord, wielding a +5 battleaxe and wearing a +0 chain mail (moderately wounded, chance to affect: 38%)
Okay, then.
Casting: Petrify (dangerous; 1% risk of failure)
Confirm with . or Enter, or press ? or * to list all spells.
Aiming: Sandblast (safe; 1% risk of failure)
Press: ? - help, Shift-Dir - straight line, f/p - orc warlord
Aim: an orc warlord, wielding a +5 battleaxe and wearing a +0 chain mail (moderately wounded, 89% to hit)
Okay, then.
Casting: Sandblast (safe; 1% risk of failure)
Confirm with . or Enter, or press ? or * to list all spells.
Casting: Cause Fear (dangerous; 9% risk of failure)
Press: ? - help, Dir - look around, f - activate You miscast Cause Fear.
You are very lightly contaminated with residual magic.
You feel a bit tired.
You feel yourself slow down.
The orc warlord hits you with a +5 battleaxe!
* * * LOW HITPOINT WARNING * * *
Okay, then.
Casting: Cause Fear (dangerous; 9% risk of failure)
Confirm with . or Enter, or press ? or * to list all spells.
Casting: Cause Fear (dangerous; 9% risk of failure)
Press: ? - help, Dir - look around, f - activate The orc warlord resists with almost no effort.
The kobold looks frightened!
The orc warlord hits you with a +5 battleaxe!!
Ouch! That really hurt!
You die...

##......####~~~ ~~~##.
##.....#~~#~. ,..: #.
##....#~...., ..?~#.
#...##~8.8.. 8.8##.
#..K'~~..... ..o#..
#...'~~....∩ ...#..
#...'~~..... ...#..
#))o##~8.8.. 8.8##.
##.@..#~..... ..?~#.
##.....#~~#~. ,..|~#.
##......#### ~ *~~~ #.
#...8......#########K.
#..........'.....'....
#..........#~~~~~#.. ,
##..8..8...#~~~~~#
##.......##~)~~~#
##.....##.......#*,


You could see an orc warlord and a kobold (fleeing).

Vanquished Creatures
  Grinder (D:5)
  A steam dragon (D:7)
  A water moccasin (D:5)
  3 sky beasts
  5 orc warriors (Bailey)
  A black bear (D:6)
  An ogre (D:4)
  A centaur (D:7)
  2 phantoms
  A bullfrog (D:7)
  4 scorpions
  8 wights (D:7)
  6 hounds
  5 sleepcaps
  Crazy Yiuf (D:3)
  3 jellies
  3 orc priests
  7 iguanas
  4 orc wizards
  5 gnolls
  5 adders
  4 shadow imps
  A white imp (D:7)
  3 dart slugs
  26 orcs
  5 ball pythons
  4 bats
  5 endoplasms
  2 giant cockroaches
  10 goblins
  4 hobgoblins
  4 jackals (D:2)
  2 quokkas
  5 frilled lizards
  14 kobolds
  5 rats
162 creatures vanquished.

Notes
Turn   | Place    | Note
-------+----------+-------------------------------------------
     0 | D:1      | monsoonserge the Meteoran Earth Elementalist began the
                  | quest for the Orb.
     0 | D:1      | Reached XP level 1. HP: 14/14 MP: 5/5
    62 | D:1      | Reached XP level 2. HP: 20/20 MP: 0/6
    93 | D:1      | Reached skill level 4 in Earth Magic
   249 | D:1      | Reached XP level 3. HP: 26/26 MP: 6/8
   525 | D:2      | Learned a level 3 spell: Stone Arrow
   551 | D:2      | Identified the +0 cloak "Quigejof" {Harm +Inv Dex+6}
   787 | D:3      | Reached skill level 1 in Short Blades
   787 | D:3      | Reached XP level 4. HP: 33/33 MP: 5/9
   870 | D:2      | Reached skill level 5 in Earth Magic
   871 | D:2      | Reached skill level 1 in Conjurations
   871 | D:2      | Reached XP level 5. HP: 33/38 MP: 2/10
   969 | D:3      | Found a runed translucent door.
   970 | D:3      | Noticed Crazy Yiuf
   975 | D:3      | Killed Crazy Yiuf
  1032 | D:3      | Found a bloodstained altar of Trog.
  1133 | D:3      | Learned a level 4 spell: Petrify
  1148 | D:3      | Found an ornate altar of the Wu Jian Council.
  1187 | D:4      | Noticed a phantom
  1190 | D:4      | Killed a phantom
  1191 | D:4      | Reached skill level 1 in Armour
  1191 | D:4      | Reached XP level 6. HP: 45/45 MP: 9/11
  1258 | D:4      | Found a runed translucent gate.
  1259 | D:4      | Found a runed translucent gate.
  1259 | D:4      | Found a runed translucent gate.
  1260 | D:4      | Noticed Fodor's ghost (amateur MiFi)
  1261 | D:4      | Noticed Drain's ghost (amateur OpHW)
  1314 | D:4      | Reached skill level 6 in Earth Magic
  1484 | D:4      | Noticed an ogre
  1492 | D:4      | Killed an ogre
  1493 | D:4      | Reached XP level 7. HP: 37/51 MP: 3/12
  1607 | D:5      | Entered Level 5 of the Dungeon
  1654 | D:5      | Reached skill level 7 in Earth Magic
  1699 | D:5      | Reached skill level 1 in Staves
  1699 | D:5      | Reached XP level 8. HP: 58/58 MP: 10/13
  1700 | D:5      | Found a radiant altar of Vehumet.
  1727 | D:5      | Became a worshipper of Vehumet
  1742 | D:5      | Found an opulent altar of Gozag.
  1743 | D:5      | Found a glowing golden altar of the Shining One.
  1851 | D:5      | Noticed Grinder
  1865 | D:5      | Reached skill level 1 in Fighting
  1869 | D:5      | Killed Grinder
  1870 | D:5      | Reached skill level 8 in Earth Magic
  1909 | D:5      | Reached skill level 9 in Earth Magic
  2021 | D:6      | Reached skill level 1 in Throwing
  2022 | D:6      | Gained mutation: You passively map the area around you.
                  | [Meteoran growth]
  2022 | D:6      | Reached XP level 9. HP: 64/64 MP: 5/14
  2024 | D:6      | Reached * piety under Vehumet
  2024 | D:6      | Offered knowledge of Freeze by Vehumet.
  2059 | D:7      | Found a runed translucent door.
  2062 | D:7      | Noticed gdog's ghost (novice GnDe)
  2063 | D:7      | Noticed a manticore
  2113 | D:7      | Reached skill level 10 in Earth Magic
  2144 | D:7      | Reached skill level 11 in Earth Magic
  2166 | D:7      | Found a sacrificial altar of Ru.
  2202 | D:7      | Found a hazy altar of Hepliaklqana.
  2244 | D:7      | Found an ancient bone altar of Kikubaaqudgha.
  2271 | D:7      | Found a white marble altar of Elyvilon.
  2433 | D:6      | Reached ** piety under Vehumet
  2433 | D:6      | Offered knowledge of Magic Dart by Vehumet.
  2476 | D:6      | Reached skill level 12 in Earth Magic
  2484 | D:6      | Learned a level 4 spell: Cause Fear
  2486 | D:6      | Reached XP level 10. HP: 74/74 MP: 13/15
  2522 | D:6      | Reached skill level 1 in Hexes
  2590 | D:6      | Found a glowing silver altar of Zin.
  2893 | D:8      | Found a flagged portal.
  2906 | D:8      | Reached skill level 1 in Long Blades
  2917 | Bailey   | Entered a bailey
  2922 | Bailey   | Noticed an orc warlord
  2929 | Bailey   | Offered knowledge of Frozen Ramparts by Vehumet.
  2977 | Bailey   | Reached *** piety under Vehumet
  2990 | Bailey   | Reached skill level 5 in Dodging
  3012 | Bailey   | Found a runed translucent gate.
  3014 | Bailey   | Found a runed translucent gate.
  3016 | Bailey   | Found a runed translucent gate.
  3080 | Bailey   | Annihilated by an orc warlord

Illustrated notes

Levels and vault maps discovered:
D:1:      dpeg_arrival_chambers_temple_mockup, layout_basic,
          kennysheep_another_room, st_stairs_14
D:2:      layout_loops_ring, dk_noncrumbling_2, nrook_mini_backslash,
          chequers_jeans
D:3:      layout_rooms, old_standard_altar, nicolae_wu_jian_immortal_techniques,
          minmay_misc_feat_diagonals, uniq_crazy_yiuf_cottage
D:4:      kennysheep_spiral_hall, layout_basic, gammafunk_ghost_cemetery,
          serial_park_tiny_2, saegor_snake_ambush
D:5:      layout_basic, fiery_altar_vehumet, nicolae_overflow_hidden_temple,
          st_stairs_10, minivault_25, uniq_grinder
D:6:      layout_cave_pools, general_overflow_altar
D:7:      layout_layer_cave, old_standard_altar, mainiacjoe_overflow_two_lobes,
          mainiacjoe_overflow_24_doors, minmay_temple_entry_enclosed_plants,
          ebering_ghost_inner_flame, hangedman_decor_diamond_cutter, st_stairs_3
D:8:      layout_rooms, serial_bayou, serial_bayou_pond_b, serial_bayou_pond_b,
          serial_bayou_pond_d, serial_bayou_shore_b, enter_bailey_5,
          minmay_misc_feat_roman
Bailey:   bailey_axe_bossmonster_kennysheep, bailey

Skill      XL: |  1  2  3  4  5  6  7  8  9 10 |
---------------+-------------------------------+-----
Earth Magic    | 4 5 6 7 9 12 | 12.0
Spellcasting   | 3 |  3.0
Short Blades   | 1 |  1.1
Conjurations   | 1 2 3 |  3.3
Stealth        | 2 |  2.0
Armour         | 1 2 3 4 |  4.0
Dodging        | 3 4 5 |  5.3
Transmutations | 2 3 4 |  4.0
Staves         | 1 2 |  2.6
Fighting       | 1 2 4 |  4.2
Throwing       | 1 |  1.3
Hexes          | 4 |  4.2
Long Blades    | 1 |  1.4

Action                     |  1- 3 |  4- 6 |  7- 9 | 10-12 || total
---------------------------+-------+-------+-------+-------++-------
  Melee: Short sword       |    10 |       |       |       ||    10
         Quarterstaff      |       |     5 |    19 |       ||    24
         Long sword        |       |       |     2 |       ||     2
         Staff             |       |       |       |     8 ||     8
  Throw: Dart              |       |     3 |       |     2 ||     5
   Cast: Sandblast         |    41 |    33 |    94 |    82 ||   250
         Stone Arrow       |       |     2 |     2 |       ||     4
         Cause Fear        |       |       |       |     1 ||     1
  Evoke: Wand              |       |       |       |     1 ||     1
 Armour: Leather armour    |     1 |     1 |     6 |       ||     8
         Steam dragon scal |       |       |     8 |    35 ||    43
  Dodge: Dodged            |     7 |    11 |    32 |    27 ||    77
